 Dungeon Crawl Stone Soup version 0.32-a0-12-g7fc57aa741 (console) character file.

Game seed: 10711703837190654327

48546 petzl the Thaumaturge (level 14, 0/101 (103) HPs)
             Began as a Formicid Delver on Jan 14, 2024.
             Was a High Priest of Vehumet.
             Slain by a skyshark (12 damage)
             ... on level 2 of the Lair of Beasts.
             The game lasted 02:24:48 (26505 turns).

petzl the Thaumaturge (Formicid Delver)            Turns: 26505, Time: 02:24:50

HP:   0/101 (103)   AC: 13    Str: 24    XL:     14   Next: 87%
MP:   29/29         EV: 14    Int: 18    God:    Vehumet [*****.]
Gold: 1464          SH:  8    Dex: 18    Spells: 4/36 levels left

rFire   . . .        a - +4 orcbow (freeze)
rCold   . . .        W - +2 buckler
rNeg    . . .        A - +0 ring mail "Biull" {^Drain rCorr Str+7}
rPois   .            (helmet unavailable)
rElec   +            (no cloak)
rCorr   +            t - +2 pair of gloves
SInv    +            (no boots)
Will    +....        O - amulet of the acrobat
Stlth   ++++         r - +4 ring of slaying
HPRegen 0.36/turn    f - ring of Opryaf {rElec AC+4 Int+3 Dex+3 Slay+3}
MPRegen 0.21/turn

%: acrobat
@: lightly drained
A: permanent stasis, dig shafts and tunnels, antennae 3, four strong arms
a: Dig, Shaft Self, Renounce Religion


You were on level 2 of the Lair of Beasts.
You worshipped Vehumet.
Vehumet was extremely pleased with you.
You visited 4 branches of the dungeon, and saw 20 of its levels.
You also visited: Ossuary.

You collected 1860 gold pieces.
You spent 396 gold pieces at shops.

Inventory:

Hand Weapons
 a - a +4 orcbow of freezing (weapon)
 b - the +7 quarterstaff of the Hurling Stoat {spect, rF+}
   (You found it on level 12 of the Dungeon)

   rF+:       It protects you from fire.
 C - a +2 flail of protection
Missiles
 Q - 4 curare-tipped darts
 R - 34 poisoned darts
 T - 2 throwing nets
Armour
 s - a +2 kite shield of fire resistance
 t - a +2 pair of gloves (worn)
 A - the +0 ring mail "Biull" (worn) {^Drain rCorr Str+7}
   (You found it on level 3 of the Dungeon)

   Str+7:     It affects your strength (+7).
   rCorr:     It protects you from acid and corrosion.
   ^Drain:    It drains your maximum health when unequipped.
 W - a +2 buckler (worn)
Jewellery
 e - a ring of resist corrosion
 f - the ring of Opryaf (right hand) {rElec AC+4 Int+3 Dex+3 Slay+3}
   (You acquired it on level 2 of the Lair of Beasts)

   [ring of protection]

   AC+4:      It affects your AC (+4).
   Int+3:     It affects your intelligence (+3).
   Dex+3:     It affects your dexterity (+3).
   Slay+3:    It affects your accuracy & damage with ranged weapons and melee
   (+3).
   rElec:     It insulates you from electricity.
 m - a ring of protection from fire
 r - a +4 ring of slaying (left hand)
 N - a ring of protection from fire
 O - an amulet of the acrobat (around neck)
Wands
 g - a wand of polymorph (21)
 j - a wand of iceblast (14)
 n - a wand of acid (8)
 F - a wand of flame (31)
 V - a wand of mindburst (7)
Scrolls
 c - 2 scrolls of fog
 d - a scroll of revelation
 v - 4 scrolls of fear
 H - 4 scrolls of poison
Potions
 k - 7 potions of curing
 l - 2 potions of brilliance
 p - 2 potions of might
 w - 2 potions of lignification
 x - 7 potions of heal wounds
 D - 3 potions of enlightenment
 K - a potion of ambrosia
 L - 2 potions of invisibility
 P - a potion of magic {unknown}
 Y - 2 potions of resistance


   Skills:
 + Level 7.6 Fighting
 - Level 2.1 Maces & Flails
 - Level 0.4(1.4) Staves
 - Level 6.0 Ranged Weapons
 - Level 7.0 Armour
 - Level 6.0 Dodging
 - Level 9.0 Stealth
 - Level 6.9 Shields
 * Level 11.8 Spellcasting
 - Level 8.7 Conjurations
 - Level 3.0 Necromancy
 - Level 4.9 Translocations
 + Level 5.6 Fire Magic
 - Level 6.3 Ice Magic
 - Level 6.0 Air Magic
 - Level 6.0 Alchemy
 - Level 2.0 Evocations


You had 4 spell levels left.
You knew the following spells:

 Your Spells              Type           Power      Damage    Failure   Level
a - Iskenderun's Mystic   Conj/Tloc      35%        2d8       1%          4
b - Stone Arrow           Conj/Erth      52%        3d10      1%          3
c - Fireball              Conj/Fire      18%        3d9       4%          5
d - Plasma Beam           Fire/Air       15%        2x1d27    36%         6
l - Freezing Cloud        Conj/Ice/Air   18%        6-21      4%          5
m - Mephitic Cloud        Conj/Alch/Air  35%        N/A       1%          3
u - Sublimation of Blood  Necr           21%        N/A       4%          2
T - Olgreb's Toxic Radia  Alch           32%        N/A       2%          4

Your spell library contained the following spells:

 Spells                   Type           Power      Damage    Failure   Level
 Kiss of Death            Conj/Necr      100%       2d13      1%          1
 Mercury Vapours          Alch/Air       64%        N/A       1%          2
 Sandblast                Erth           20%        2d7       3%          1
 Brom's Barrelling Bould  Conj/Erth      26%        2d5       5%          4
 Summon Small Mammal      Summ           40%        N/A       12%         1
 Jinxbite                 Hex            20%        N/A       17%         2
 Dispel Undead            Necr           21%        3d11      32%         4
 Petrify                  Alch/Erth      21%        N/A       32%         4
 Call Canine Familiar     Summ           10%        N/A       34%         3
 Confusing Touch          Hex            10%        N/A       34%         3
 Passwall                 Erth           10%        N/A       34%         3
 Summon Blazeheart Golem  Fire/Summ      20%        N/A       34%         4
 Arcjolt                  Conj/Air       18%        1d28      4%          5
 Irradiate                Conj/Alch      18%        3d17      4%          5
 Conjure Ball Lightning   Conj/Air       18%        3x3d6     21%         6
 Yara's Violent Unravell  Hex/Alch       10%        3d6       24%         5
 Ozocubu's Refrigeration  Ice            16%        4d11      83%         7
 Enfeeble                 Hex            5%         N/A       100%        7
 Discord                  Hex            5%         N/A       100%        8
 Maxwell's Capacitive Co  Air            16%        ∞         100%        8
 Vhi's Electric Charge    Tloc/Air       Unusable   N/A       N/A         4

Dungeon Overview and Level Annotations

Branches:
Dungeon (14/15)            Temple (1/1) D:4            Lair (3/5) D:11
  Swamp (0/4) Lair:2       Spider (0/4) Lair:2          Orc (2/2) D:10
    Elf (0/3) Orc:2        Vaults (0/5) D:13        Ossuary (visited)

Altars:
Ashenzari
Cheibriados
Dithmenos
Elyvilon
Fedhas
Gozag
Hepliaklqana
Kikubaaqudgha
Makhleb
Nemelex Xobeh
Okawaru
Qazlal
Ru
Sif Muna
Trog
Uskayaw
Vehumet
Wu Jian
Xom
Yredelemnul
Zin
The Shining One

Shops:
D:2 :   D:3 =   D:9 :[=[[   D:11 (   D:14 (:   Orc:2 *!:[

Annotations:
D:10 exclusion: downstairs
D:13 exclusion: 2 downstairs
Orc:1 exclusion: downstairs
Orc:2 3 runed translucent doors, benadryl's ghost, journeyman DEAl


Innate Abilities, Weirdness & Mutations

You cannot be hasted, slowed, berserked, paralysed or teleported.
You can dig through walls and to a lower floor.
You have a pair of large antennae on your head. (SInv)
Your four strong arms can wield two-handed weapons with a shield.


Message History

You block the skyshark's attack. The dream sheep barely misses you.
You block the dream sheep's attack. The yak closely misses you.
The bullfrog hits you but does no damage.
You climb upwards.
There is a stone staircase leading down, spattered with blood here.
You see here a water moccasin corpse.
Unknown command.
Unknown command.
Unknown command.
As you read the scroll of fear, it crumbles to dust.
You assume a fearsome visage.
The bullfrog looks frightened!
The blink frog looks frightened!
The bullfrog resists with some effort.
The dream sheep looks frightened!
The dream sheep stampedes away.
The dream sheep looks frightened!
The dream sheep bleats in terror.
The yak looks frightened!
The skyshark is unaffected.
The blink frog blinks!
You block the bullfrog's attack.
The blink frog blinks!
The bullfrog hits you but does no damage.
Okay, then.
Unknown command.
Unknown command.
Unknown command.
The skyshark bites you!
* * * LOW HITPOINT WARNING * * *
The skyshark tail-slaps you.
* * * LOW HITPOINT WARNING * * *
The skyshark completely misses you. The bullfrog completely misses you.
The blink frog blinks!
You see here a yak corpse.
Okay, then.
Unknown command.
Unknown command.
As you read the scroll of summoning, it crumbles to dust.
Wisps of shadow whirl around you... The skyshark bites you.
* * * LOW HITPOINT WARNING * * *
You block the skyshark's attack. x2
The bullfrog hits you but does no damage.
The skyshark bites you!
You die...

♣...♣#### ##.#...## #[.. ....#
#.###...####..) ..###
####......####. .## ###....####.
.# ##.....#.. .# ##P....... .##
## #P........ ..##.# ##.........
#...# ###.......... #..## ##
##.......[.... ##..# #.###.
.....###.#.##. #.#.## ......
................... ###.†##....#.
...............#... # ##........[
.........†......... # #.........
.........#.....#... #..#.....
................... #..######
####...##...#...###.### #.#.##
#.#F............# ## ###..##
##F@..Y.......... ##..#
##.F..h...........
##..#######.................
#...##.#....................
##...##.F..Y....§Y..........
##P.##.....................
######................<.......
#.#P......#...................
####......#..##..................
#.....######..##.................
...#### #...##...............#
...#### ##..P#...............#
......# #..###............##
.....## #..###...........# .....#
..# .....# ....## ##.## ###


You could see a skyshark (berserk, ally target), a yak (fleeing), 2 bullfrogs, 2
dream sheep, a friendly polar bear (summoned) and a friendly cane toad
(summoned).

Vanquished Creatures
  Gastronok (Lair:1)
  Snorg (D:10)
  A vault guard (D:13)
  7 centaur warriors
  A dancing weapon (D:13)
  7 two-headed ogres
  Urug (Orc:2)
  Nergalle (Lair:1)
  3 skeletal warriors
  Lodul (D:13)
  A bog body (Lair:2)
  Pikel (D:6)
  An orc knight (Orc:2)
  3 deep elf pyromancers
  4 cyclopes
  The ghost of occam the Insei, a novice OpSh of Gozag (D:6)
  A meliai (shapeshifter) (D:13)
  An elephant (D:11)
  4 kobold blastminers (Orc:2)
  A black mamba (Lair:2)
  A gargoyle (D:12)
  8 cane toads
  A kobold demonologist (D:12)
  A rime drake (Lair:2)
  A komodo dragon (D:12)
  Psyche (D:9)
  6 trolls
  A hornet (D:8)
  2 polar bears
  Grinder (D:6)
  10 blink frogs
  2 dream sheep (Lair:3)
  A shadow (D:11)
  A water elemental (D:13)
  3 wyverns
  31 yaks
  2 wargs
  A wraith (D:10)
  3 basilisks
  2 steam dragons
  2 vampire mosquitoes (D:13)
  Menkaure (D:5)
  Edmund (D:4)
  15 water moccasins
  3 ice beasts
  3 black bears
  2 sky beasts
  32 orc warriors
  4 wolves
  9 centaurs
  13 ogres
  4 lemures (D:6)
  11 kobold brigands
  3 gnoll sergeants
  12 scorpions
  12 bullfrogs
  A burial acolyte (D:10)
  10 wights
  A killer bee (D:8)
  8 howler monkeys
  6 electric eels
  4 human zombies (Ossuary)
  3 jellies
  5 hounds
  6 orc priests
  2 gnoll boudas
  A centaur zombie (Ossuary)
  6 scorpion zombies (Ossuary)
  3 sleepcaps
  4 iguanas
  20 orc wizards
  3 mummies (Ossuary)
  Robin (D:3)
  17 gnolls
  12 adders
  A shadow imp (D:4)
  A white imp (D:8)
  2 ufetubi
  4 adder zombies
  2 dart slugs
  3 ribbon worms
  65 orcs
  7 ball pythons
  7 bats
  4 endoplasms
  9 giant cockroaches
  8 hobgoblins
  6 jackals
  3 quokkas
  3 ball python zombies (Ossuary)
  3 frilled lizards
  A gnoll zombie (Ossuary)
  18 goblins
  2 jackal zombies (D:10)
  4 kobolds
  4 orc zombies (Ossuary)
  3 rats
  A spectral weapon (Orc:2)
522 creatures vanquished.

Vanquished Creatures (others)
  A spectral weapon (D:11)
1 creature vanquished.

Grand Total: 523 creatures vanquished

Notes
Turn   | Place    | Note
-------+----------+-------------------------------------------
     0 | D:5      | petzl the Formicid Delver began the quest for the Orb.
     0 | D:5      | Reached XP level 1. HP: 18/18 MP: 1/1
    16 | D:4      | Noticed Edmund
    74 | D:4      | Noticed a black bear
   168 | D:3      | Reached skill level 1 in Spellcasting
   168 | D:3      | Reached XP level 2. HP: 16/24 MP: 1/3
   262 | D:3      | Found a faded altar of an unknown god.
   354 | D:3      | Reached skill level 2 in Spellcasting
   416 | D:3      | Found Hiuruon's Jewellery Shop.
   416 | D:3      | Found an iron altar of Okawaru.
   437 | D:3      | Reached XP level 3. HP: 29/29 MP: 4/6
   582 | D:2      | Found Dizurhol's Book Shop.
   664 | D:1      | Reached skill level 3 in Spellcasting
   761 | D:1      | Reached XP level 4. HP: 35/35 MP: 6/8
  1515 | D:2      | You fall into a shaft and drop 2 floors!
  1515 | D:4      | Found a staircase to the Ecumenical Temple.
  1519 | D:4      | Noticed a phantom
  1522 | Temple   | Entered the Ecumenical Temple
  1614 | Temple   | Became a worshipper of Vehumet
  1651 | D:3      | You fall into a shaft and drop 1 floor!
  1870 | D:2      | Reached skill level 4 in Spellcasting
  1870 | D:2      | Reached XP level 5. HP: 38/41 MP: 9/11
  2278 | D:2      | Reached * piety under Vehumet
  2278 | D:2      | Offered knowledge of Magic Dart by Vehumet.
  2281 | D:2      | Learned a level 1 spell: Kiss of Death
  2857 | D:3      | Identified the +0 ring mail "Biull" {^Drain rCorr Str+7}
  3135 | D:4      | Noticed Robin
  3156 | D:3      | Killed Robin
  3157 | D:3      | Reached XP level 6. HP: 44/47 MP: 10/13
  3320 | D:4      | Killed a black bear
  3321 | D:4      | Reached skill level 1 in Ranged Weapons
  3321 | D:4      | Reached skill level 1 in Armour
  3321 | D:4      | Reached skill level 1 in Evocations
  3472 | D:4      | Found a glowing silver altar of Zin.
  3566 | D:4      | Reached XP level 7. HP: 42/53 MP: 10/14
  4039 | D:5      | Found a stormy altar of Qazlal.
  4455 | D:5      | Offered knowledge of Searing Ray by Vehumet.
  4485 | D:5      | Noticed Menkaure
  4504 | D:5      | Reached ** piety under Vehumet
  4622 | D:5      | Reached skill level 5 in Spellcasting
  5205 | D:6      | Reached XP level 8. HP: 60/60 MP: 15/15
  5552 | D:6      | Noticed Pikel
  5901 | D:6      | Killed Pikel
  5902 | D:6      | Reached skill level 5 in Fighting
  5902 | D:6      | Reached XP level 9. HP: 44/68 MP: 17/17
  6108 | D:6      | Found an opulent altar of Gozag.
  6260 | D:6      | Reached skill level 5 in Ranged Weapons
  6597 | D:6      | Reached skill level 6 in Spellcasting
  6641 | D:6      | Found a runed translucent gate.
  6641 | D:6      | Found a runed translucent gate.
  6641 | D:6      | Noticed occam's ghost (novice OpSh)
  6642 | D:6      | Found a runed translucent gate.
  6819 | D:7      | Found a sand-covered staircase.
  6866 | Ossuary  | Entered an ossuary
  7032 | Ossuary  | Offered knowledge of Inner Flame by Vehumet.
  7241 | Ossuary  | Reached *** piety under Vehumet
  7249 | Ossuary  | Reached skill level 1 in Conjurations
  7293 | Ossuary  | Reached skill level 1 in Necromancy
  7379 | Ossuary  | Reached XP level 10. HP: 76/76 MP: 19/19
  7567 | D:6      | Noticed Grinder
  7583 | D:6      | Killed Grinder
  7594 | D:6      | Offered knowledge of Fulminant Prism by Vehumet.
  7937 | D:5      | Killed Menkaure
  8006 | D:4      | Killed Edmund
  8007 | D:4      | Reached skill level 5 in Armour
  8507 | D:7      | Found a sparkling altar of Nemelex Xobeh.
  9149 | D:8      | Reached skill level 5 in Dodging
  9187 | D:8      | Reached skill level 7 in Spellcasting
  9321 | D:8      | Noticed a centaur warrior
  9337 | D:9      | Noticed Psyche
  9344 | D:9      | Killed Psyche
  9389 | D:8      | Noticed a skeletal warrior
  9654 | D:8      | Reached **** piety under Vehumet
  9676 | D:8      | Identified the staff of Bedazzled Forgiveness {Conj Air
                  | Earth}
  9702 | D:7      | Offered knowledge of Volatile Blastmotes by Vehumet.
  9703 | D:7      | Reached XP level 11. HP: 55/81 MP: 15/21
  9809 | D:8      | Killed a centaur warrior
  9810 | D:8      | Reached skill level 5 in Conjurations
 10077 | D:8      | Noticed a two-headed ogre
 10672 | D:10     | Entered Level 10 of the Dungeon
 10680 | D:10     | Reached skill level 8 in Spellcasting
 10764 | D:10     | Noticed Snorg
 10984 | D:8      | Killed a two-headed ogre
 11131 | D:8      | You fall into a shaft and drop 1 floor!
 11314 | D:9      | Noticed a two-headed ogre
 11346 | D:8      | Reached ***** piety under Vehumet
 11346 | D:8      | Offered knowledge of Iskenderun's Mystic Blast by Vehumet.
 11610 | D:9      | Found Ferr's Armour Shoppe.
 11705 | D:9      | Found Wuanad Noo's Antique Armour Shop.
 11871 | D:9      | Learned a level 4 spell: Iskenderun's Mystic Blast
 11876 | D:9      | Learned a level 4 spell: Summon Blazeheart Golem
 11884 | D:9      | Found Icku's Armour Shoppe.
 11884 | D:9      | Noticed an animated plate armour
 11885 | D:9      | Noticed an animated pearl dragon scales
 11908 | D:9      | Found Kaitewn's Book Shop.
 11980 | D:10     | Found an ancient bone altar of Kikubaaqudgha.
 12113 | D:9      | Found Gaifoal's Jewellery Shoppe.
 12464 | D:10     | Learned a level 3 spell: Mephitic Cloud
 12470 | D:10     | Learned a level 5 spell: Freezing Cloud
 12473 | D:10     | Learned a level 2 spell: Sublimation of Blood
 12548 | D:11     | Reached skill level 1 in Translocations
 12605 | D:11     | Learned a level 4 spell: Olgreb's Toxic Radiance
 12605 | D:11     | Noticed an elephant
 12623 | D:10     | Noticed a two-headed ogre
 12629 | D:10     | Killed a two-headed ogre
 12630 | D:10     | Reached skill level 1 in Fire Magic
 12630 | D:10     | Reached skill level 1 in Ice Magic
 12630 | D:10     | Reached skill level 1 in Alchemy
 12787 | D:10     | Reached skill level 1 in Shields
 12787 | D:10     | Reached skill level 1 in Air Magic
 12787 | D:10     | Reached XP level 12. HP: 85/86 MP: 24/24
 12849 | D:10     | Noticed a two-headed ogre
 12868 | D:10     | Killed a two-headed ogre
 13191 | D:10     | Found a staircase to the Orcish Mines.
 13400 | D:10     | Killed Snorg
 13892 | D:6      | Killed occam's ghost
 13978 | D:6      | Offered knowledge of Conjure Ball Lightning by Vehumet.
 13987 | D:6      | Learned a level 6 spell: Conjure Ball Lightning
 14184 | D:9      | Found Ferr's Armour Shoppe.
 14267 | D:9      | Found Wuanad Noo's Antique Armour Shop.
 14285 | D:9      | Found Gaifoal's Jewellery Shoppe.
 14294 | D:9      | Found Icku's Armour Shoppe.
 14298 | D:9      | Killed a two-headed ogre
 14345 | D:9      | Found Kaitewn's Book Shop.
 14850 | D:11     | Noticed a two-headed ogre
 14859 | D:11     | Killed a two-headed ogre
 15172 | D:11     | Found a staircase to the Lair.
 15223 | D:11     | Learned a level 3 spell: Stone Arrow
 15370 | D:11     | Reached skill level 9 in Spellcasting
 15532 | D:11     | Noticed a two-headed ogre
 15541 | D:11     | Killed a two-headed ogre
 15658 | D:11     | Found Ofozxam's Weapon Shoppe.
 16102 | D:12     | Noticed a skeletal warrior
 16215 | D:12     | Identified the +7 quarterstaff of the Hurling Stoat {spect,
                  | rF+}
 16489 | D:12     | Noticed a skeletal warrior
 16491 | D:12     | Noticed a skeletal warrior
 16648 | D:12     | Reached XP level 13. HP: 93/93 MP: 20/26
 16904 | D:12     | Reached skill level 5 in Alchemy
 17190 | D:11     | Found a staircase to the Lair.
 17247 | D:11     | You fall into a shaft and drop 1 floor!
 17665 | D:11     | Found Ofozxam's Weapon Shoppe.
 18288 | D:12     | You fall into a shaft and drop 1 floor!
 18523 | D:14     | Found Setutog's Antique Weapon Shoppe.
 18525 | D:14     | Found the +4 skin of Zhor {*Englaciate rC+++ SInv}
 18599 | D:13     | Noticed a centaur warrior
 18738 | D:13     | Noticed a centaur warrior
 18805 | D:13     | Killed a centaur warrior
 18922 | D:13     | Killed a centaur warrior
 19248 | D:13     | Noticed a centaur warrior
 19310 | D:13     | Killed a centaur warrior
 19311 | D:13     | Reached skill level 5 in Ice Magic
 19499 | D:13     | Noticed a vault guard
 19509 | D:13     | Noticed a centaur warrior
 19517 | D:13     | Killed a centaur warrior
 19594 | D:13     | Noticed Lodul
 19598 | D:13     | Killed Lodul
 19599 | D:13     | Reached skill level 5 in Shields
 19784 | D:14     | Found Zaofumm's Book Shop.
 19995 | D:13     | Reached skill level 10 in Spellcasting
 20175 | D:14     | Noticed a centaur warrior
 20318 | D:13     | Killed a vault guard
 20428 | D:13     | Found a gate to the Vaults.
 20680 | Lair:1   | Entered Level 1 of the Lair of Beasts
 20865 | Orc:1    | Entered Level 1 of the Orcish Mines
 21074 | Orc:1    | Offered knowledge of Fireball by Vehumet.
 21623 | Orc:2    | Entered Level 2 of the Orcish Mines
 21623 | Orc:2    | Found a bloodstained altar of Trog.
 21623 | Orc:2    | Found a staircase to the Elven Halls.
 21726 | Orc:2    | Noticed a centaur warrior
 22316 | Orc:2    | Killed a centaur warrior
 22544 | Orc:2    | Reached skill level 5 in Air Magic
 22551 | Orc:2    | Reached XP level 14. HP: 81/96 MP: 4/28
 23398 | Orc:2    | Noticed Urug
 23406 | Orc:2    | Killed Urug
 23827 | Orc:2    | Found Ifuuxuh's Book Shop.
 23827 | Orc:2    | Found Koaniy's Distillery.
 23829 | Orc:2    | Found Turghegaf's Assorted Antiques.
 23831 | Orc:2    | Found Urontev's Armour Boutique.
 23838 | Orc:2    | Bought a potion of resistance for 110 gold pieces
 23838 | Orc:2    | Bought a potion of degeneration for 11 gold pieces
 23838 | Orc:2    | Bought a potion of mutation for 88 gold pieces
 23838 | Orc:2    | Bought a potion of enlightenment for 55 gold pieces
 23840 | Orc:2    | Bought a purple potion for 20 gold pieces
 23840 | Orc:2    | Bought a viscous orange potion for 20 gold pieces
 23894 | Orc:2    | Learned a level 5 spell: Fireball
 23899 | Orc:2    | Bought a scroll of poison for 92 gold pieces
 24033 | Orc:2    | Found a runed translucent gate.
 24033 | Orc:2    | Found a runed translucent gate.
 24033 | Orc:2    | Found a runed translucent gate.
 24041 | Orc:2    | Noticed benadryl's ghost (journeyman DEAl)
 24314 | D:11     | Offered knowledge of Plasma Beam by Vehumet.
 24337 | D:11     | Learned a level 6 spell: Plasma Beam
 24615 | Lair:1   | Noticed Gastronok
 24622 | Lair:1   | Killed Gastronok
 24686 | Lair:1   | Reached skill level 11 in Spellcasting
 24846 | Lair:1   | Noticed Nergalle
 24850 | Lair:1   | Killed Nergalle
 24921 | Lair:1   | Reached skill level 5 in Fire Magic
 25901 | Lair:2   | Found a hole to the Spider Nest.
 25914 | Lair:2   | Found a staircase to the Swamp.
 25926 | Lair:2   | Identified a scroll of acquirement
 25926 | Lair:2   | Acquired the ring of Opryaf {rElec AC+4 Int+3 Dex+3 Slay+3}
 26505 | Lair:2   | Slain by a skyshark

Illustrated notes

Levels and vault maps discovered:
D:1:      wander_arrival_chamber, layout_loops_ring
D:2:      layout_loops_ring, serial_shops,
          nicolae_shop_temple_entry_statues_fountains, minmay_split_cup_small
D:3:      layout_loops_ring, mainiacjoe_overflow_paths, serial_shops,
          nicolae_shop_stone, chequers_ecumenical_altar_simple
D:4:      layout_loops_ring, zin_scriptorium, minmay_temple_entry_crystal_x,
          uniq_edmund, uniq_robin
D:5:      layout_gridville, mainiacjoe_overflow_alcove_1, uniq_menkaure
D:6:      layout_layer_cave, nicolae_gozag_seed_capital,
          gammafunk_ghost_nasty_kobolds, uniq_pikel, uniq_grinder
D:7:      layout_gridville, kennysheep_mini,
          nicolae_ossuary_entry_false_entrances
D:8:      nzn_winding_woodlands_cross [nzn_winding_woodlands_5x15_eye,
          nzn_winding_woodlands_5x15_parted, nzn_winding_woodlands_5x15_crooked,
          nzn_winding_woodlands_5x15_concentric,
          nzn_winding_woodlands_15x15_five_gardens], layout_basic
D:9:      layout_roguey, serial_shops, shop, nicolae_book_shop_shelving,
          nicolae_shop_overgrown_old_shop, nicolae_shop_mannequins, shop,
          dreamdust_gnoll_shepherd, uniq_psyche
D:10:     layout_basic, lemuel_zombie_altar_kikubaaqudgha, orc_0_dummy,
          serial_glass, glass_columns_b, glass_columns_a, item_on_display_a,
          kennysheep_potato, uniq_snorg
D:11:     layout_long_grid, david_lair_generic, serial_shops, shop
D:12:     layout_rooms, minmay_misc_feat_tower, pond
D:13:     layout_basic, erik_vaults_1, uniq_lodul
D:14:     layout_rooms, serial_shops, shop_fountains, shop
Temple:   eino_temple_scatter_basement
Lair:1:   layout_misc_corridors, uniq_nergalle, uniq_gastronok
Lair:2:   layout_cave_pods, skrybe_swamp_entry_bodies,
          nicolae_spider_entry_tight_spaces, nicolae_quartered_pool_little,
          columned_hall_lemuel
Lair:3:   layout_cave_shapes, gammafunk_ghost_arena,
          grunt_forest_small_clearing_treed, serial_bayou_shore_a,
          serial_bayou_shore_b
Orc:1:    layout_diamond_mine, basic_altar
Orc:2:    st_orc_rangers, layout_caves, gammafunk_ghost_necromancy, basic_altar,
          uniq_urug

Skill      XL: |  1  2  3  4  5  6  7  8  9 10 11 12 13 14 |
---------------+-------------------------------------------+-----
Spellcasting   | 1 2 3 4 5 6 7 8 9 10 11 | 11.8
Ranged Weapons | 1 3 4 5 6 |  6.0
Armour         | 1 2 3 4 5 6 7 |  7.0
Dodging        | 2 3 4 5 6 |  6.0
Evocations     | 1 2 |  2.0
Fighting       | 4 5 6 7 |  7.6
Stealth        | 7 8 9 |  9.0
Conjurations   | 1 4 7 8 |  8.7
Necromancy     | 1 3 |  3.0
Translocations | 1 3 4 |  4.9
Fire Magic     | 1 2 4 5 |  5.6
Ice Magic      | 1 4 5 6 |  6.3
Alchemy        | 1 4 6 |  6.0
Shields        | 1 3 6 |  6.9
Air Magic      | 1 3 5 6 |  6.0
Maces & Flails | |  2.1
Staves         | |  0.4

Action                     |  1- 3 |  4- 6 |  7- 9 | 10-12 | 13-15 || total
---------------------------+-------+-------+-------+-------+-------++-------
  Melee: Mace              |    88 |   130 |       |       |       ||   218
         Punch             |     1 |       |     1 |       |       ||     2
         Short sword       |       |    75 |   161 |       |       ||   236
         Dagger            |       |       |    69 |    35 |       ||   104
         Quarterstaff      |       |       |       |       |    35 ||    35
   Fire: Sling             |       |    54 |    86 |       |       ||   140
         Orcbow            |       |       |    99 |   460 |   355 ||   914
  Throw: Dart              |       |       |       |       |    11 ||    11
   Cast: Mephitic Cloud    |       |       |       |    11 |     2 ||    13
         Kiss of Death     |       |       |       |     4 |       ||     4
         Iskenderun's Myst |       |       |       |    15 |    38 ||    53
         Freezing Cloud    |       |       |       |    31 |   140 ||   171
         Stone Arrow       |       |       |       |     7 |     7 ||    14
         Olgreb's Toxic Ra |       |       |       |     1 |       ||     1
         Fireball          |       |       |       |       |     5 ||     5
Ability: Dig               |     1 |       |     3 |     4 |     3 ||    11
         Shaft Self        |       |     2 |       |     1 |     2 ||     5
  Evoke: Wand              |       |       |    10 |     8 |     1 ||    19
    Use: Scroll            |       |     1 |    14 |     6 |     9 ||    30
         Potion            |       |       |     1 |     4 |     3 ||     8
   Stab: Sleeping          |     5 |    15 |       |       |       ||    20
         Distracted        |       |       |       |       |     1 ||     1
 Armour: Leather armour    |    27 |       |       |       |       ||    27
         Ring mail         |    19 |   134 |   219 |   165 |   153 ||   690
         Skin              |       |    16 |       |       |       ||    16
  Dodge: Dodged            |    61 |   135 |   169 |   174 |   148 ||   687
  Block: Buckler           |       |       |       |    20 |    80 ||   100

Table legend: (Time is in decaauts)
 A = Elapsed time spent in this place.
 B = Non-inter-level travel time spent in this place.
 C = Inter-level travel time spent in this place.
 D = Time resting spent in this place.
 E = Time spent auto-exploring this place.
 F = Levels seen in this place.
 G = Mean time per level.
                   A        B        C        D        E       F      G
               +--------+--------+--------+--------+--------+-----+--------+
         Total |  26889 |  24610 |   2279 |   7542 |   8493 |  21 | 1280.4 |
       Dungeon |  20774 |  18956 |   1818 |   5371 |   7198 |  14 | 1483.9 |
        Temple |    101 |     93 |      8 |     83 |      0 |   1 |  101.0 |
          Lair |   2005 |   1975 |     30 |    659 |    739 |   3 |  668.3 |
  Orcish Mines |   3369 |   2947 |    422 |   1346 |    535 |   2 | 1684.5 |
       Ossuary |    638 |    638 |      0 |     82 |     20 |   1 |  638.0 |
               +--------+--------+--------+--------+--------+-----+--------+

Top non-repeatable levels by time:
    D:11: 2984 daAuts
     D:6: 2224 daAuts
    D:13: 2046 daAuts
   Orc:1: 1869 daAuts
     D:8: 1808 daAuts
     D:9: 1693 daAuts
     D:5: 1582 daAuts
    D:12: 1511 daAuts
   Orc:2: 1500 daAuts
    D:10: 1463 daAuts
     D:7: 1453 daAuts
     D:4: 1319 daAuts
  Lair:1: 1068 daAuts
  Lair:2: 925 daAuts
     D:2: 923 daAuts
